 Dungeon Crawl Stone Soup version 0.25-a0-731-g0472a16d6a (webtiles) character file.

Game seed: 14286951050030605825, levelgen mode: deterministic

3 Amnesiac the Chiller (level 1, -1/10 HPs)
             Began as a Deep Elf Ice Elementalist on Apr 8, 2020.
             Slain by a hobgoblin
             ... wielding a +0 club
              (4 damage)
             ... on level 1 of the Dungeon.
             The game lasted 00:00:06 (25 turns).

Amnesiac the Chiller (Deep Elf Ice Elementalist)      Turns: 25, Time: 00:00:08

Health: -1/10      AC:  2    Str:  5    XL:     1   Next: 41%
Magic:  3/6        EV: 13    Int: 19    God:
Gold:   0          SH:  0    Dex: 15    Spells: 5/6 levels left

rFire    . . .     SeeInvis .   (no weapon)
rCold    . . .     Gourm    .   (no shield)
rNeg     . . .     Faith    .   a - +0 robe
rPois    .         Spirit   .   (no helmet)
rElec    .         Reflect  .   (no cloak)
rCorr    .         Harm     .   (no gloves)
MR       .....                  (no boots)
Stlth    ++........             (no amulet)
HPRegen  0.03/turn              (no ring)
MPRegen  0.10/turn              (no ring)

@: no status effects
A: no striking features
a: no special abilities


You were on level 1 of the Dungeon.
You were not hungry.

You visited 1 branch of the dungeon, and saw 1 of its levels.

Inventory:

Armour
 a - a +0 robe (worn)
Scrolls
 b - a scroll of remove curse {!r, unknown}
Potions
 d - a potion of curing {!q, unknown}
 e - a potion of magic {!q, unknown}
Comestibles
 c - a ration


   Skills:
 - Level 2.4 Dodging
 - Level 2.4 Stealth
 + Level 3.1 Spellcasting
 * Level 4.5 Ice Magic


You had 5 spell levels left.
You knew the following spells:

 Your Spells              Type           Power        Failure   Level  Hunger
a - Freeze                Ice            ###.         2%          1    None

Your spell library contained the following spells:

 Spells                   Type           Power        Failure   Level  Hunger
 Frozen Ramparts          Ice            ###...       7%          3    ###....
 Ozocubu's Armour         Chrm/Ice       ##......     19%         3    ###....
 Hailstorm                Conj/Ice       ##......     52%         4    ####...
 Summon Ice Beast         Ice/Summ       ##......     52%         4    ####...


Dungeon Overview and Level Annotations

Branches:
Dungeon (1/15)

Altars:


Message History

Warning: Error parsing item_slot string: (~/.crawlrc:125) Welcome, Amnesiac the Deep Elf Ice Elementalist.
Will you prevail where others failed? Will you find the Orb of Zot?
Press ? for a list of commands and other information.
Found a staircase leading out of the dungeon.
You open the door.
There is an open door here.
Found a robe.
A rat comes into view.
Found a blue potion and a scroll labeled XUYSHU XYRIN.
You see here a scroll labeled BAHERE GUINAI {!r}.
b - a scroll labeled BAHERE GUINAI {!r}
Found a fizzy inky potion.
A goblin comes into view. It is wielding a +0 dagger.
The goblin moves out of view.
Found 28 stones.
A goblin comes into view.
You see here a blue potion {!q}.
d - a blue potion {!q} A rat comes into view.
Found a glowing orange potion and 2 gold pieces.
A leopard gecko and a hobgoblin come into view.
The goblin shouts!
The hobgoblin moves out of view.
You see here a fizzy inky potion {!q}.
e - a fizzy inky potion {!q} A frilled lizard comes into view.
The leopard gecko hisses angrily.
The hobgoblin shouts!
You hear a shout!
A hobgoblin comes into view. It is wielding a +0 club.
The hobgoblin shouts!
The hobgoblin completely misses you.
Casting: Freeze (safe; 2% risk of failure)
Confirm with . or Enter, or press ? or * to list all spells.
Aiming: Freeze (safe; 2% risk of failure)
Press: ? - help, Shift-Dir - straight line, f - hobgoblin
Aim: a hobgoblin, wielding a +0 club You freeze the hobgoblin!
You kill the hobgoblin!
The frilled lizard hisses angrily.
Casting: Freeze (safe; 2% risk of failure)
Confirm with . or Enter, or press ? or * to list all spells.
Aiming: Freeze (safe; 2% risk of failure)
Press: ? - help, Shift-Dir - straight line, f - leopard gecko
Aim: a leopard gecko You freeze the leopard gecko.
The leopard gecko is moderately wounded.
The leopard gecko seems to slow down.
The leopard gecko barely misses you.
Casting: Freeze (safe; 2% risk of failure)
Confirm with . or Enter, or press ? or * to list all spells.
Aiming: Freeze (safe; 2% risk of failure)
Press: ? - help, Shift-Dir - straight line, f/p - leopard gecko
Aim: a leopard gecko (moderately wounded, slow)
You freeze the leopard gecko.
You kill the leopard gecko!
A jackal comes into view.
A kobold comes into view. It is wielding a +0 short sword.
A hobgoblin comes into view. It is wielding a +0 club.
The hobgoblin hits you with a +0 club!
Ouch! That really hurt!
* * * LOW HITPOINT WARNING * * *
You see here a +0 club.
The hobgoblin hits you with a +0 club.
You die...

g# ########. .. ........
... .. l...... #.. ...
##.. ... ... ....#####..
..##.#...
..$..g.....####........
.........K..r†.gg.#.....
............####@....#
.....#......# #.....#
.........r..# ...#.#.#
............#.####r# #
..............# #
............###
............####
####...####.....
##..........r.r.


You could see a hobgoblin, a goblin, a kobold (wandering) and 2 rats.

Vanquished Creatures
  A leopard gecko (D:1)
  A hobgoblin (D:1)
2 creatures vanquished.

Notes
Turn   | Place    | Note
-------+----------+-------------------------------------------
     0 | D:1      | Amnesiac the Deep Elf Ice Elementalist began the quest for
                  | the Orb.
     0 | D:1      | Reached XP level 1. HP: 10/10 MP: 6/6
    25 | D:1      | Slain by a hobgoblin

Levels and vault maps discovered:
D:1:      dpeg_arrival_tiny_g, layout_rooms

Action                   || total
-------------------------++-------
 Cast: Freeze            ||     3
Dodge: Dodged            ||     2

Table legend:
 A = Non-vault XP
 B = Vault XP
 C = Vault XP percentage of total XP
 D = Non-vault monster count
 E = Vault monster count
 F = Vault count percentage of total count
                 A         B        C        D         E       F
            +---------+---------+-------+---------+---------+-------
      Total |       5 |       0 |   0.0 |       2 |       0 |   0.0
            +---------+---------+-------+---------+---------+-------
        D:1 |       5 |       0 |   0.0 |       2 |       0 |   0.0
            +---------+---------+-------+---------+---------+-------
